 Dungeon Crawl Stone Soup version 0.29.0-5-ge4962eb29e (webtiles) character file.

Game seed: 10717399546217821881

4437 Anothat the Blocker (level 10, -2/50 (83) HPs)
             Began as a Formicid Fighter on Aug 29, 2022.
             Was a Priest of Trog.
             Succumbed to a killer bee's poison
             ... on level 8 of the Dungeon.
             The game lasted 00:16:49 (9622 turns).

Anothat the Blocker (Formicid Fighter)              Turns: 9622, Time: 00:16:50

HP:   -2/50 (83)    AC: 13    Str: 24    XL:     10   Next: 63%
MP:   10/10         EV:  8    Int:  9    God:    Trog [***...]
Gold: 430           SH:  0    Dex: 13    Spells: 9/9 levels left

rFire   . . .      SeeInvis +   f - +0 giant spiked club
rCold   . . .      Faith    .   (shield currently unavailable)
rNeg    . . .      Spirit   .   l - +0 chain mail
rPois   .          Reflect  .   (helmet unavailable)
rElec   .          Harm     .   o - +0 cloak {Stlth+}
rCorr   .          Rampage  .   j - +1 pair of gloves
Will    +....                   g - +0 pair of boots
Stlth   ..........              (no amulet)
HPRegen 0.16/turn               (no ring)
MPRegen 0.12/turn               (no ring)

@: mighty, lethally poisoned (-2 -> -13), very heavily drained
A: permanent stasis, dig shafts and tunnels, antennae 3, four strong arms
a: Dig, Shaft Self, Renounce Religion, Trog's Hand


You were on level 8 of the Dungeon.
You worshipped Trog.
Trog was most pleased with you.
You visited 1 branch of the dungeon, and saw 8 of its levels.

You collected 430 gold pieces.

Inventory:

Hand Weapons
 a - a +0 war axe
 f - a +0 giant spiked club (weapon)
Missiles
 r - a throwing net
Armour
 c - a +0 buckler
 g - a +0 pair of boots (worn)
 j - a +1 pair of gloves (worn)
 l - a +0 chain mail (worn)
 o - a +0 cloak of stealth (worn)
Jewellery
 n - an amulet of the acrobat
 u - a ring of magical power
 x - an amulet of guardian spirit
 y - an amulet of reflection
Wands
 p - a wand of digging (5)
Scrolls
 k - a scroll of enchant armour
 q - 7 scrolls of teleportation
 w - 2 scrolls of identify
Potions
 b - 3 potions of mutation
 e - 2 potions of brilliance
 h - a potion of attraction
 m - 2 potions of haste
 v - a potion of flight


   Skills:
 + Level 9.3 Fighting
 - Level 5.8(7.8) Axes
 * Level 7.9(8.8) Maces & Flails
 - Level 3.2 Armour
 + Level 11.1 Shields


You had 9 spell levels left.
You didn't know any spells.
Your spell library was empty.

Dungeon Overview and Level Annotations

Branches:
Dungeon (8/15)             Temple (0/1) D:5
   Lair: D:8-11

Altars:
Cheibriados
Fedhas
Makhleb
Qazlal
Trog
Zin

Shops:
D:3 *   D:8 [

Annotations:
D:7 1 runed translucent door, Crazy Yiuf


Innate Abilities, Weirdness & Mutations

You cannot be hasted, slowed, berserked, paralysed or teleported.
You can dig through walls and to a lower floor.
You have a pair of large antennae on your head. (SInv)
Your four strong arms can wield two-handed weapons with a shield.


Message History

The killer bee is severely wounded.
You feel sick. The killer bee stings you. x3
You are more poisoned.
The killer bee poisons you!
It was a potion of curing.
You feel better.
The killer bee stings you but does no damage. x2
You feel very mighty all of a sudden.
The killer bee stings you but does no damage. x2
You miss the killer bee.
The killer bee is severely wounded.
The killer bee closely misses you.
The killer bee stings you but does no damage.
The killer bee barely misses you.
You closely miss the killer bee.
The killer bee is severely wounded.
The killer bee stings you but does no damage.
The killer bee barely misses you.
You closely miss the killer bee.
The killer bee is severely wounded.
The killer bee stings you. x2
You are poisoned.
The killer bee poisons you! The killer bee stings you.
* * * LOW HITPOINT WARNING * * *
You are lethally poisoned!
The killer bee poisons you!
You barely miss the killer bee.
The killer bee is severely wounded.
* * * LOW HITPOINT WARNING * * *
You feel very sick. The killer bee stings you.
* * * LOW HITPOINT WARNING * * *
The killer bee stings you.
* * * LOW HITPOINT WARNING * * *
The killer bee closely misses you.
Unknown command.
Char dumped successfully.
Unknown command.
You closely miss the killer bee.
The killer bee is severely wounded.
You die...

....#####.....)...##..#
##....
........##.......##..##
##.....
......zz..zz...{.....#
##).....
......##{###....####.##
#.......
.......##†###...# #..##
##...... ........y##
##.{## ##..# #......
.......### ###{## ##:##
#.....# ........# ##y#
#..#####.##. ........#
#@## ##..# #.#.#.
........## ###
##.######.. .........#
#..####... #.......##
##..##.... ##.....##
##.#..... #######
#....._. ##...... #
#...... # #._..⌠.


You could see a killer bee.

Vanquished Creatures
  Pikel (D:7)
  Joseph (D:8)
  Grinder (D:3)
  2 wyverns
  A steam dragon (D:6)
  3 water moccasins (D:7)
  An orc warrior (D:8)
  A sky beast (D:6)
  A black bear (D:6)
  An ice beast (D:7)
  An ogre (D:4)
  A centaur (D:5)
  A phantom (D:5)
  A kobold brigand (D:8)
  3 necrophages
  4 bullfrogs
  2 scorpions
  13 killer bees
  5 howler monkeys
  A centaur zombie (D:5)
  A bullfrog zombie (D:5)
  3 hounds (D:5)
  2 jellies
  2 bullfrog skeletons (D:5)
  Ijyb (D:3)
  2 gnoll boudas
  An iguana (D:3)
  An orc wizard (D:8)
  Robin (D:4)
  6 adders
  16 gnolls
  A howler monkey skeleton (D:5)
  A shadow imp (D:8)
  A white imp (D:5)
  An adder zombie (D:5)
  2 worms
  14 orcs
  3 endoplasms
  3 giant cockroaches
  18 goblins
  8 hobgoblins
  7 jackals
  8 kobolds
  3 quokkas
  4 ball pythons
  5 bats
  2 frilled lizards (D:1)
  A rat (D:1)
163 creatures vanquished.

Vanquished Creatures (others)
  3 withered plants (D:5)
3 creatures vanquished.

Grand Total: 166 creatures vanquished

Notes
Turn   | Place    | Note
-------+----------+-------------------------------------------
     0 | D:1      | Anothat the Formicid Fighter began the quest for the Orb.
     0 | D:1      | Reached XP level 1. HP: 18/18 MP: 1/1
    22 | D:1      | Found a faded altar of an unknown god.
    34 | D:1      | Prayed at the altar of an unknown god.
    34 | D:1      | Became a worshipper of Trog the Wrathful
    34 | D:1      | Reached * piety under Trog
   208 | D:1      | Reached XP level 2. HP: 24/24 MP: 2/2
   642 | D:1      | Reached XP level 3. HP: 30/30 MP: 3/3
   844 | D:2      | Reached ** piety under Trog
   915 | D:2      | You fall into a shaft and drop 1 floor!
   963 | D:3      | Noticed Grinder
   975 | D:3      | Killed Grinder
   976 | D:3      | Reached skill level 5 in Fighting
   976 | D:3      | Reached skill level 5 in Shields
   976 | D:3      | Reached XP level 4. HP: 37/39 MP: 4/4
   976 | D:3      | Reached XP level 5. HP: 42/44 MP: 5/5
   976 | D:3      | Reached XP level 6. HP: 49/51 MP: 6/6
  1051 | D:3      | Identified the +1 robe of Words of Power {rElec SInv}
  1068 | D:3      | Reached skill level 6 in Shields
  1194 | D:3      | Found Waits's General Store.
  1576 | D:3      | Noticed Ijyb
  1587 | D:3      | Killed Ijyb
  2270 | D:4      | Reached XP level 7. HP: 52/56 MP: 7/7
  2398 | D:4      | Noticed Robin
  2424 | D:4      | Killed Robin
  3140 | D:5      | Entered Level 5 of the Dungeon
  3154 | D:5      | Reached skill level 7 in Shields
  3283 | D:5      | Reached skill level 5 in Axes
  3283 | D:5      | Reached XP level 8. HP: 39/64 MP: 8/8
  3671 | D:5      | Found a staircase to the Ecumenical Temple.
  3676 | D:5      | Reached *** piety under Trog
  3848 | D:5      | Reached skill level 8 in Shields
  4518 | D:6      | Reached skill level 1 in Maces & Flails
  4762 | D:6      | Reached XP level 9. HP: 71/72 MP: 9/9
  5087 | D:6      | Reached skill level 9 in Shields
  6138 | D:7      | Found a runed translucent door.
  6139 | D:7      | Noticed Crazy Yiuf
  6309 | D:7      | Reached skill level 5 in Maces & Flails
  6530 | D:7      | Noticed Pikel
  6550 | D:7      | Killed Pikel
  6551 | D:7      | Reached skill level 10 in Shields
  6551 | D:7      | Reached XP level 10. HP: 34/82 MP: 10/10
  7141 | D:7      | Found a glowing silver altar of Zin.
  7387 | D:8      | Noticed Joseph
  7406 | D:8      | Killed Joseph
  7602 | D:8      | Found Vaots's Antique Armour Shoppe.
  8258 | D:8      | Identified the +6 long sword "Tuhof" {vorpal, Int+4}
  8792 | D:8      | Found a burning altar of Makhleb.
  8804 | D:8      | Found a stormy altar of Qazlal.
  8805 | D:8      | Found a blossoming altar of Fedhas.
  8826 | D:8      | Reached skill level 11 in Shields
  9081 | D:8      | Found a snail-covered altar of Cheibriados.
  9133 | D:8      | HP: 4/90 [poisoned by a killer bee]
  9136 | D:8      | HP: 1/90 [poisoned by a killer bee]
  9604 | D:8      | Identified the +0 robe of Egedege {rElec rC+ Int+5}
  9621 | D:8      | HP: 1/50 [killer bee (2)]
  9622 | D:8      | Succumbed to a killer bee's poison

Illustrated notes

Levels and vault maps discovered:
D:1:      lightli_arrival_boilingwater, layout_basic,
          ebering_ecumenical_altar_rust, minmay_pentomino_u4
D:2:      layout_rooms
D:3:      layout_loops_ring, serial_shops, nicolae_shop_statue_plus,
          uniq_grinder, uniq_ijyb
D:4:      layout_basic, minmay_ogre_servants, uniq_robin
D:5:      layout_rooms, minmay_temple_entry_glass, serial_undead,
          serial_undead_c, serial_undead_e, serial_undead_e, serial_undead_f
D:6:      layout_loops_corners
D:7:      layout_loops_ring, nicolae_overflow_crystal_walls,
          uniq_crazy_yiuf_cottage, uniq_pikel
D:8:      layout_cave_pods, grunt_temple_overflow_open, serial_shops,
          nicolae_stop_n_shop_1, uniq_joseph

Skill      XL: |  1  2  3  4  5  6  7  8  9 10 |
---------------+-------------------------------+-----
Fighting       | 5 6 7 8 9 |  9.3
Axes           | 3 4 5 |  5.8
Shields        | 5 6 7 8 10 11 | 11.1
Maces & Flails | 2 6 7 |  7.9
Armour         | |  3.2

Action                   |  1- 3 |  4- 6 |  7- 9 | 10-12 || total
-------------------------+-------+-------+-------+-------++-------
Melee: War axe           |    90 |    66 |   146 |       ||   302
       Giant spiked club |       |       |   148 |   163 ||   311
Invok: Trog's Hand       |       |       |     1 |     1 ||     2
 Abil: Dig               |       |       |       |     9 ||     9
Evoke: Wand              |       |       |     7 |     9 ||    16
  Use: Scroll            |     3 |     7 |     5 |     2 ||    17
       Potion            |     1 |       |     1 |     9 ||    11
 Stab: Invisible         |       |       |       |     1 ||     1
Armor: Scale mail        |    41 |       |       |       ||    41
       Chain mail        |    27 |    39 |   269 |   116 ||   451
       Skin              |       |       |       |    21 ||    21
Dodge: Dodged            |    52 |    16 |   159 |   113 ||   340
Block: Buckler           |    41 |    19 |    39 |       ||    99
